 Dungeon Crawl Stone Soup version 0.20.1-1-g8b1a95d (webtiles) character file.

18701 Peloso the Fencer (level 12, 0/113 HPs)
             Began as a Minotaur Abyssal Knight on Aug 22, 2017.
             Was the Champion of Lugonu.
             Slain by Snorg (19 damage)
             ... on level 3 of the Lair of Beasts.
             The game lasted 00:34:35 (11657 turns).

Peloso the Fencer (Minotaur Abyssal Knight)        Turns: 11657, Time: 00:34:35

Health: 0/113      AC: 22    Str: 25    XL:     12   Next: 30%
Magic:  0/12       EV:  9    Int:  9    God:    Lugonu [******]
Gold:   742        SH:  0    Dex: 10    Spells: 11/11 levels left

rFire    . . .     SeeInvis +   r - +10 great sword of the Nexus {slice, rC+}
rCold    + . .     Gourm    .   (shield currently unavailable)
rNeg     + . .     Faith    .   C - +1 plate armour {rN+}
rPois    .         Spirit   +   (helmet restricted)
rElec    .         Reflect  .   f - +0 cloak
rCorr    .         Harm     .   A - +2 pair of gloves
MR       .....                  p - +0 pair of boots
Stlth    ..........             j - amulet of guardian spirit
Regen    0.3/turn               I - +3 ring of strength
MPRegen  0.2/turn               M - ring of see invisible

@: no status effects
A: retaliatory headbutt, horns 2
a: Depart the Abyss, Bend Space, Banish, Corrupt, Enter the Abyss, Brand Weapon
With Distortion, Renounce Religion


You were on level 3 of the Lair of Beasts.
You worshipped Lugonu.
Lugonu was exalted by your worship.
You were hungry.

You visited 2 branches of the dungeon, and saw 14 of its levels.
You visited the Abyss 1 time.

You collected 742 gold pieces.

Inventory:

Hand Weapons
 r - the +10 great sword of the Nexus (weapon) {slice, rC+}
   (You found it on level 6 of the Dungeon)

   It inflicts extra damage upon your enemies.
   It protects you from cold.
 T - the +2 long sword "Recuag" {pain, Str+4}
   (You found it on level 1 of the Lair of Beasts)

   In the hands of one skilled in necromantic magic, it inflicts extra damage on
   living creatures.
   It affects your strength (+4).
Armour
 f - a +0 cloak (worn)
 p - a +0 pair of boots (worn)
 A - a +2 pair of gloves (worn)
 C - a +1 plate armour of positive energy (worn)
Jewellery
 j - an amulet of guardian spirit (around neck)
 I - a +3 ring of strength (left hand)
 M - a ring of see invisible (right hand)
Wands
 b - a wand of iceblast (5/15)
Scrolls
 a - 2 scrolls of identify
 e - 4 scrolls of remove curse
 g - 3 scrolls of enchant weapon
 h - 3 scrolls of recharging
 i - 6 scrolls of teleportation
 k - 2 scrolls of fear
 n - 2 scrolls of blinking
 s - a scroll of amnesia
Potions
 l - a potion of might
 m - 3 potions of curing
 w - 3 potions of heal wounds
 x - 2 potions of haste
 G - a potion of resistance
 H - 3 potions of invisibility
 J - a potion of berserk rage
 K - 2 potions of degeneration
 O - 2 potions of magic {unknown}
 P - a potion of flight {unknown}
Comestibles
 c - 10 bread rations
 d - 12 meat rations
 o - 8 fruits
 q - 7 royal jellies


   Skills:
 + Level 12.4 Fighting
 + Level 16.9 Long Blades
 + Level 10.4 Armour
 + Level 3.9 Dodging
 + Level 1.1 Stealth
 + Level 2.1 Invocations


You had 11 spell levels left.
You didn't know any spells.

Dungeon Overview and Level Annotations

Branches:
Dungeon (11/15)            Temple (0/1) D:5            Lair (3/6) D:10
    Orc (0/2) D:11
  Swamp: Lair:2-4    Shoals: Lair:2-4     Snake: Lair:2-4    Spider: Lair:2-4

Altars:
Dithmenos
Fedhas

Shops:
D:4 (   D:5 *

Annotations:
Lair:3 Harold, Snorg


Innate Abilities, Weirdness & Mutations

You reflexively headbutt those who attack you in melee.
You have a pair of horns on your head.


Message History

The wolf barely misses you.
You riposte.
You cut the wolf into ribbons!!!
You kill the wolf!
Lugonu accepts your kill. Snorg bites you but does no damage. Snorg claws you.
Snorg claws you but does no damage.
Unknown command.
You slice Snorg!! You headbutt Snorg.
Snorg is severely wounded.
Snorg bites you! Snorg barely misses you. Snorg claws you!
* * * LOW HITPOINT WARNING * * *
You completely miss Snorg. You headbutt Snorg!
Snorg is severely wounded.
Snorg completely misses you. Snorg closely misses you. x2
Snorg bites you but does no damage. Snorg misses you. Snorg claws you!
* * * LOW HITPOINT WARNING * * *
Unknown command.
You slice Snorg!! You headbutt Snorg.
Snorg is almost dead.
Snorg bites you!!
You die...

#####
##.#P###.##
#.†Th......
#.@#.......
#..#h@..P..
#..#.......
#..##...#..
#... ......
#... ......
.... ...#..
#..P#


You could see Snorg (berserk) and a wolf.

Vanquished Creatures
  A hydra (Lair:1)
  3 two-headed ogres
  The ghost of raetorn the Ducker, a novice MfTm of Sif Muna (D:5)
  An ugly thing (D:11)
  4 spiny frogs
  A komodo dragon (Lair:1)
  A merfolk (D:9)
  3 trolls
  5 blink frogs (Lair:1)
  4 hippogriffs
  20 yaks
  Eustachio (D:5)
  A basilisk (Lair:2)
  Grum (D:10)
  5 porcupines
  A water moccasin (Lair:1)
  An acid dragon (D:11)
  2 ice beasts
  A black bear (D:9)
  4 orc warriors
  4 ogres
  2 sky beasts
  2 necrophages
  6 centaurs
  2 phantoms
  5 wolves
  12 crocodiles
  A big kobold (D:7)
  12 bullfrogs
  3 scorpions
  3 killer bees (D:10)
  4 wights (D:11)
  4 howler monkeys
  A centaur zombie (D:7)
  6 lava snakes (D:8)
  5 crimson imps
  4 hounds
  2 jellies
  3 bullfrog skeletons
  9 orc priests
  12 orc wizards
  4 centaur skeletons
  3 iguanas (D:11)
  10 worker ants
  A worker ant zombie (D:11)
  11 adders
  4 shadow imps
  An ooze (D:3)
  An adder zombie (D:9)
  An adder skeleton (D:4)
  2 worms
  4 dart slugs
  6 leopard geckos
  33 orcs
  3 ball pythons
  10 giant cockroaches
  8 hobgoblins
  28 jackals
  6 quokkas
  5 bats
  11 frilled lizards
  9 goblins
  13 kobolds
  A quokka skeleton (D:6)
  31 rats
369 creatures vanquished.

Vanquished Creatures (others)
  32 fungi
  27 plants (D:10)
59 creatures vanquished.

Grand Total: 428 creatures vanquished

Notes
Turn   | Place    | Note
-------+----------+-------------------------------------------
     0 | Abyss:1  | Peloso the Minotaur Abyssal Knight began the quest for the Orb.
     0 | Abyss:1  | Reached XP level 1. HP: 19/19 MP: 1/1
   128 | Abyss:1  | Found a radiant altar of Vehumet.
   211 | Abyss:1  | Noticed a small abomination
   249 | Abyss:1  | Noticed a small abomination
   251 | D:1      | Escaped the Abyss
   269 | D:1      | Reached * piety under Lugonu
   301 | D:1      | Reached XP level 2. HP: 9/27 MP: 2/2
   633 | D:1      | Reached skill level 3 in Long Blades
   677 | D:1      | Reached XP level 3. HP: 30/34 MP: 3/3
   809 | D:1      | Reached ** piety under Lugonu
  1131 | D:2      | Reached XP level 4. HP: 38/41 MP: 4/4
  1677 | D:3      | Reached *** piety under Lugonu
  1920 | D:3      | Reached skill level 4 in Long Blades
  1928 | D:3      | Reached skill level 5 in Fighting
  1928 | D:3      | Reached XP level 5. HP: 27/48 MP: 5/5
  2077 | D:3      | Noticed a sky beast
  2111 | D:3      | Killed a sky beast
  2462 | D:4      | Reached **** piety under Lugonu
  2462 | D:4      | Reached XP level 6. HP: 44/56 MP: 6/6
  2524 | D:4      | Found Ylesk's Antique Weapon Shop.
  2638 | D:4      | Reached skill level 5 in Long Blades
  3178 | D:5      | Entered Level 5 of the Dungeon
  3197 | D:5      | Noticed raetorn's ghost (novice MfTm)
  3219 | D:5      | Killed raetorn's ghost
  3219 | D:5      | Reached skill level 7 in Long Blades
  3219 | D:5      | Reached skill level 5 in Armour
  3219 | D:5      | Reached XP level 7. HP: 34/63 MP: 7/7
  3403 | D:5      | Found Oschec's General Store.
  3512 | D:5      | Noticed Eustachio
  3529 | D:5      | Killed Eustachio
  3529 | D:5      | Reached skill level 1 in Stealth
  3529 | D:5      | Reached XP level 8. HP: 68/71 MP: 5/8
  3662 | D:5      | Noticed a two-headed ogre
  3912 | D:6      | Reached skill level 8 in Long Blades
  4252 | D:6      | Found a blossoming altar of Fedhas.
  4402 | D:6      | Got an encrusted great sword
  4403 | D:6      | Identified the +10 great sword of the Nexus {slice, rC+} (You found it on level 6 of the Dungeon)
  4637 | D:7      | Reached skill level 9 in Long Blades
  5053 | D:7      | Noticed a hippogriff
  5065 | D:7      | Killed a hippogriff
  5065 | D:7      | Reached skill level 10 in Long Blades
  5065 | D:7      | Reached XP level 9. HP: 78/81 MP: 9/9
  5377 | D:5      | Found a staircase to the Ecumenical Temple.
  5438 | D:5      | Killed a two-headed ogre
  5438 | D:5      | Reached skill level 11 in Long Blades
  5719 | D:8      | Reached ***** piety under Lugonu
  5849 | D:8      | Reached skill level 12 in Long Blades
  6518 | D:8      | Reached XP level 10. HP: 85/91 MP: 8/10
  6798 | D:9      | Noticed a two-headed ogre
  6805 | D:9      | Killed a two-headed ogre
  6979 | D:9      | Reached skill level 13 in Long Blades
  6986 | D:9      | Found a shadowy altar of Dithmenos.
  7225 | D:9      | Noticed a two-headed ogre
  7230 | D:9      | Killed a two-headed ogre
  7269 | D:9      | Reached skill level 10 in Fighting
  7311 | D:10     | Entered Level 10 of the Dungeon
  7326 | D:10     | Reached skill level 14 in Long Blades
  7404 | D:10     | Identified the Almanac of Assistive Malediction
  7440 | D:10     | Reached XP level 11. HP: 92/101 MP: 9/11
  7459 | D:10     | Noticed Grum
  7473 | D:10     | Killed Grum
  7548 | D:10     | Found a staircase to the Lair.
  7780 | D:10     | Reached skill level 15 in Long Blades
  8536 | D:11     | Noticed a cyan ugly thing
  8559 | D:11     | Killed a cyan ugly thing
  8566 | D:11     | Reached ****** piety under Lugonu
  8949 | D:11     | Found a staircase to the Orcish Mines.
  9596 | D:11     | Reached skill level 16 in Long Blades
  9644 | Lair:1   | Entered Level 1 of the Lair of Beasts
  9987 | Lair:1   | Noticed an eight-headed hydra
  9993 | Lair:1   | Killed a ten-headed hydra
 10096 | Lair:1   | Reached skill level 10 in Armour
 10096 | Lair:1   | Reached XP level 12. HP: 105/112 MP: 10/12
 10464 | Lair:1   | Got an encrusted long sword
 10465 | Lair:1   | Identified the cursed +2 long sword "Recuag" {pain, Str+4} (You found it on level 1 of the Lair of Beasts)
 11644 | Lair:3   | Noticed Snorg
 11644 | Lair:3   | Noticed Harold
 11657 | Lair:3   | Slain by Snorg

Skill      XL: |  1  2  3  4  5  6  7  8  9 10 11 |
---------------+----------------------------------+-----
Fighting       | 4 5 6 8 9 10 12 | 12.4
Long Blades    | 3 4 7 10 12 14 16 | 16.9
Armour         | 3 5 6 7 8 10 | 10.4
Dodging        | 2 3 |  3.9
Invocations    | 2 |  2.1
Stealth        | 1 |  1.1

Action                   |  1- 3 |  4- 6 |  7- 9 | 10-12 || total
-------------------------+-------+-------+-------+-------++-------
Melee: Falchion          |    87 |   213 |    70 |       ||   370
       Headbutt          |    13 |    34 |    28 |    64 ||   139
       Great sword       |       |       |   114 |   397 ||   511
Invok: Depart the Abyss  |     1 |       |       |       ||     1
       Bend Space        |       |     1 |       |       ||     1
  Use: Scroll            |       |     6 |    12 |     7 ||    25
       Potion            |       |       |       |     1 ||     1
 Stab: Sleeping          |       |     1 |       |       ||     1
  Eat: Chunk             |     1 |     6 |    11 |    16 ||    34
Armor: Leather armour    |    31 |     8 |       |       ||    39
       Chain mail        |       |   137 |    18 |       ||   155
       Plate armour      |       |       |   108 |   303 ||   411
Dodge: Dodged            |    63 |    91 |    83 |   137 ||   374
       Rpst.: Falchion   |    18 |    16 |     8 |       ||    42
       Great sword       |       |       |    11 |    38 ||    49
